 Dungeon Crawl Stone Soup version 0.24-a0-423-g6870c0f642 (webtiles) character file.

Game seed: 3928471685713389062

105 Quz the Skirmisher (level 4, -12/42 HPs)
             Began as a Minotaur Berserker on June 13, 2019.
             Was a Believer of Trog.
             Mangled by Sigmund
             ... wielding a +0 scythe
              (13 damage)
             ... on level 2 of the Dungeon.
             The game lasted 00:13:24 (1583 turns).

Quz the Skirmisher (Minotaur Berserker)             Turns: 1583, Time: 00:13:25

Health: -12/42     AC:  5    Str: 23    XL:     4   Next: 53%
Magic:  3/3        EV: 12    Int:  4    God:    Trog [**....]
Gold:   128        SH:  0    Dex:  9    Spells: 3/3 levels left

rFire    . . .     SeeInvis .   u - +1 hand axe
rCold    . . .     Gourm    .   (no shield)
rNeg     . . .     Faith    .   p - +0 ring mail
rPois    +         Spirit   .   (helmet restricted)
rElec    .         Reflect  .   (no cloak)
rCorr    .         Harm     .   (no gloves)
MR       .....                  (no boots)
Stlth    ..........             (no amulet)
HPRegen  0.14/turn              k - ring of poison resistance
MPRegen  0.08/turn              (no ring)

@: confused
A: retaliatory headbutt, horns 2
a: Berserk, Trog's Hand, Renounce Religion


You were on level 2 of the Dungeon.
You worshipped Trog.
Trog was pleased with you.
You were not hungry.

You visited 1 branch of the dungeon, and saw 3 of its levels.

You collected 128 gold pieces.

Inventory:

Hand Weapons
 a - a +0 spear
 d - a +0 club
 e - a +0 dagger
 h - a +0 club
 i - a +0 dagger
 n - a +0 club
 u - a +1 hand axe (weapon)
 y - a +0 long sword
Armour
 b - a +0 animal skin
 o - a +0 leather armour
 p - a +0 ring mail (worn)
Jewellery
 g - an uncursed amulet of magic regeneration
 k - a ring of poison resistance (left hand)
Scrolls
 j - 3 scrolls of enchant weapon
 m - a scroll of immolation
 q - 2 scrolls of teleportation
 r - 3 scrolls of identify {unknown}
 v - a scroll of magic mapping
 z - 2 scrolls of remove curse
Potions
 f - a potion of curing {unknown}
 l - a potion of haste {unknown}
 s - 2 potions of might {unknown}
 w - a potion of heal wounds {unknown}
 x - a potion of brilliance {unknown}
Comestibles
 c - 5 rations


   Skills:
 + Level 5.0 Fighting
 + Level 0.6(2.9) Axes
 + Level 4.6 Polearms
 + Level 2.6 Armour
 + Level 3.0 Dodging


You had 3 spell levels left.
You didn't know any spells.
Your spell library was empty.

Dungeon Overview and Level Annotations

Branches:
Dungeon (3/15)

Altars:

Annotations:
D:2 Sigmund


Innate Abilities, Weirdness & Mutations

You reflexively headbutt those who attack you in melee.
You have a pair of horns on your head.


Message History

You feel less confused. Something barely misses you.
Something hits you but does no damage. Something hits you!
You hit something. You closely miss something. Something hits you!
* * * LOW HITPOINT WARNING * * *
You hear some strange, mumbled words.
Something tries to affect you, but you resist.
Something hits you but does no damage.
You start resting.
Something hits you.
* * * LOW HITPOINT WARNING * * *
You hear some strange, mumbled words.
You are confused.
You bump into the rock wall.
Something barely misses you.
You bump into the rock wall.
Something hits you.
* * * LOW HITPOINT WARNING * * *
You bump into the rock wall.
Something hits you!
You die...

### .### .# #.#
##########.# #...<....#.#
########## #.######.#.#
#........# ###.######.#.#
#.######.#
#.......##.#.########.####
#.#.###.##.#.#.@.{.......#
#.#.# #.##.....######.##.#
#.#.###.##.....# #.##.#
##.#............#
#.##.###.#
...##########.###
#........# .### #.#
####.##### .# #.# #.# .#
##'## #.# .# ##...## #.#


There were no monsters in sight!

Vanquished Creatures
  5 adders
  An ooze (D:1)
  A worm (D:2)
  A dart slug (D:1)
  3 leopard geckos
  3 bats
  5 giant cockroaches
  4 goblins
  6 hobgoblins
  4 jackals (D:1)
  4 kobolds
  A ball python (D:2)
  2 frilled lizards (D:2)
  6 rats
46 creatures vanquished.

Notes
Turn   | Place    | Note
-------+----------+-------------------------------------------
     0 | D:1      | Quz the Minotaur Berserker began the quest for the Orb.
     0 | D:1      | Reached XP level 1. HP: 19/19 MP: 0/0
    41 | D:1      | Reached skill level 4 in Fighting
    41 | D:1      | Reached XP level 2. HP: 27/27 MP: 1/1
   214 | D:1      | Reached XP level 3. HP: 18/33 MP: 2/2
   784 | D:2      | Reached ** piety under Trog
  1134 | D:3      | Reached XP level 4. HP: 37/41 MP: 3/3
  1294 | D:2      | Reached skill level 5 in Fighting
  1438 | D:2      | Found a faded altar of an unknown god.
  1545 | D:2      | Noticed Sigmund
  1582 | D:2      | HP: 1/42 [something (6)]
  1583 | D:2      | Mangled by Sigmund

Levels and vault maps discovered:
D:1:      nzn_arrival_water_spiral, layout_loops_ring
D:2:      layout_loops_corners, chequers_ecumenical_altar_simple,
          serial_bayou_lake_a, uniq_sigmund
D:3:      layout_loops_ring, nicolae_dithmenos_through_a_glass_darkly,
          overflow_temple_1_default

Skill      XL: |  1  2  3  4 |
---------------+-------------+-----
Fighting       | 4 5 |  5.0
Polearms       | 4 |  4.6
Dodging        | 3 |  3.0
Axes           | |  0.6
Armour         | |  2.6

Action                   |  1- 3 |  4- 6 || total
-------------------------+-------+-------++-------
Melee: Spear             |    52 |       ||    52
       Headbutt          |    12 |     3 ||    15
       Hand axe          |    18 |    28 ||    46
Invok: Berserk           |     1 |       ||     1
  Use: Scroll            |     5 |     1 ||     6
  Eat: Chunk             |     1 |     2 ||     3
Armor: Animal skin       |    11 |       ||    11
       Ring mail         |    12 |     8 ||    20
Dodge: Dodged            |    41 |    21 ||    62

Table legend:
 A = Non-vault XP
 B = Vault XP
 C = Vault XP percentage of total XP
 D = Non-vault monster count
 E = Vault monster count
 F = Vault count percentage of total count
                 A         B        C        D         E       F
            +---------+---------+-------+---------+---------+-------
      Total |     150 |       0 |   0.0 |      46 |       0 |   0.0
            +---------+---------+-------+---------+---------+-------
        D:1 |      45 |       0 |   0.0 |      19 |       0 |   0.0
        D:2 |      83 |       0 |   0.0 |      21 |       0 |   0.0
        D:3 |      22 |       0 |   0.0 |       6 |       0 |   0.0
            +---------+---------+-------+---------+---------+-------
